Map: Acropolis LE

Players

AGOElazer (Elazer)

  • Race: Zerg Zerg
  • League: Master
  • Spawn Location: 11:00

Cure - Winner!

  • Race: Terran Terran
  • League: Master
  • Spawn Location: 5:00

Event: HomeStory Cup XX

VOD

Have the link to the VOD?

Description

Time

  • Played on: Nov. 21, 2019, 5:32 a.m.
  • Length: 18:36

All games in this series

Show
View Real Time Build Order
Export as new Build Order

AGOElazer Zerg 

Build Orders: Hatch First, Brood Lord Corruptor 

Get SALT Encoding   

  12  0:00  Drone  
  13  0:12  Overlord  
  13  0:16  Drone  
  14  0:31  Drone x2  
  16  0:47  Hatchery  
  15  0:51  Drone  
  15  0:54  Drone  
  17  0:58  Drone  
  18  1:08  Extractor  
  17  1:12  Spawning Pool  
  17  1:16  Drone  
  17  1:20  Drone  
  18  1:28  Drone  
  20  1:40  Drone  
  20  1:49  Drone  
  21  2:00  Queen x2  
  21  2:01  Zergling x4  
  27  2:14  Hatchery  
  26  2:18  Overlord  
  26  2:21  Drone  
  27  2:23  Drone  
  28  2:33  Metabolic Boost  
  28  2:39  Drone x3  
  31  2:47  Queen  
  31  2:50  Overlord  
  33  2:52  Drone  
  33  2:54  Drone  
  33  2:56  Drone  
  36  3:10  Drone x5  
  41  3:14  Drone  
  42  3:23  Queen  
  42  3:24  Overlord  
  42  3:26  Queen  
  45  3:30  Drone  
  45  3:31  Drone x2  
  48  3:37  Overlord  
  48  3:39  Drone  
  49  3:45  Evolution Chamber  
  49  3:46  Zergling x6  
  49  3:47  Zergling x2  
  52  3:48  Drone  
  52  3:53  Roach Warren  
  52  3:56  Drone x3  
  52  3:58  Overlord  
  55  4:04  Queen  
  55  4:06  Drone x2  
  55  4:09  Overlord  
  59  4:11  Drone  
  59  4:13  Drone  
  61  4:17  Drone x2  
  61  4:20  Evolution Chamber  
  59  4:25  Drone x4  
  59  4:26  Drone x2  
  59  4:28  Drone  
  62  4:32  Drone x3  
  62  4:33  Drone  
  62  4:34  Drone  
  67  4:39  Lair  
  67  4:42  Drone x2  
  67  4:44  Drone  
  70  4:46  Drone  
  70  4:47  Drone  
  70  4:49  Overlord  
  70  4:51  Extractor  
  70  4:52  Extractor  
  70  4:53  Drone  
  70  4:55  Overlord  
  70  4:57  Spore Crawler  
  70  4:58  Spore Crawler  
  69  5:00  Spore Crawler  
  69  5:03  Queen  
  69  5:06  Queen  
  72  5:09  Roach  
  72  5:11  Roach  
  72  5:12  Roach  
  78  5:15  Roach  
  78  5:16  Roach  
  78  5:18  Overlord  
  78  5:20  Drone x2  
  84  5:21  Drone x2  
  84  5:26  Drone x3  
  84  5:27  Drone  
  90  5:37  Drone x6  
  96  5:42  Extractor  
  96  5:45  Spire  
  94  5:51  Drone x2  
  94  5:56  Extractor x2  
  96  5:57  Drone x2  
  96  5:59  Glial Reconstitution, Overlord  
  96  6:03  Drone, Overlord  
  97  6:05  Drone x3  
  97  6:09  Drone x2  
  89  6:12  Drone  
  89  6:18  Drone x2  
  87  6:20  Drone x5  
  90  6:27  Drone x2  
  90  6:30  Drone x3  
  90  6:32  Drone  
  96  6:34  Drone  
  96  6:36  Hatchery, Drone  
  97  6:45  Drone x2  
  99  6:52  Overlord  
  99  6:56  Corruptor x6  
  99  7:01  Overlord  
  111  7:04  Infestation Pit  
  111  7:06  Corruptor  
  111  7:13  Corruptor  
  111  7:14  Overlord  
  111  7:15  Zergling x8  
  117  7:20  Drone  
  117  7:21  Drone  
  119  7:24  Drone x5  
  119  7:27  Extractor  
  119  7:28  Extractor, Drone x4  
  124  7:32  Overlord  
  124  7:37  Zerg Flyer Weapons Level 1  
  124  7:43  Overlord  
  124  7:46  Roach x2  
  127  7:52  Evolution Chamber  
  127  7:53  Evolution Chamber  
  127  7:54  Drone x10  
  127  7:58  Drone x2  
  136  8:05  Overlord  
  135  8:07  Overlord  
  134  8:13  Hive, Roach x4  
  142  8:20  Roach  
  142  8:21  Roach x4  
  142  8:26  Overlord  
  154  8:27  Roach x3  
  154  8:28  Ravager x2  
  154  8:29  Ravager  
  161  8:35  Zerg Melee Weapons Level 1, Zerg Missile Weapons Level 1  
  161  8:38  Hatchery  
  160  8:42  Overlord  
  160  8:46  Spore Crawler  
  160  8:47  Corruptor x3, Spine Crawler  
  160  8:48  Spine Crawler  
  161  8:49  Spine Crawler  
  161  8:50  Zergling x4  
  161  8:54  Baneling Nest  
  161  9:02  Zergling x18, Roach x2  
  174  9:12  Drone  
  174  9:13  Drone x3  
  174  9:17  Zergling x2, Overlord  
  178  9:18  Zergling x14  
  178  9:23  Spine Crawler  
  184  9:25  Zergling x16  
  184  9:30  Overlord x2  
  192  9:31  Extractor  
  192  9:32  Greater Spire  
  192  9:35  Extractor  
  190  9:38  Adrenal Glands  
  190  9:44  Overlord  
  186  9:48  Centrifical Hooks  
  186  9:57  Zergling x26  
  197  10:15  Overlord  
  197  10:19  Spine Crawler  
  197  10:20  Drone x4  
  187  10:22  Drone  
  187  10:23  Drone x4  
  187  10:27  Pathogen Glands  
  191  10:39  Spire  
  190  10:48  Brood Lord x5  
  190  10:49  Overlord  
  191  10:57  Spore Crawler  
  191  10:58  Brood Lord x3  
  191  10:59  Spine Crawler  
  191  11:00  Spine Crawler x3  
  191  11:01  Infestor, Spine Crawler  
  191  11:02  Spore Crawler  
  191  11:03  Spine Crawler  
  185  11:09  Zerg Melee Weapons Level 2, Zerg Missile Weapons Level 2  
  171  11:13  Corruptor  
  171  11:16  Corruptor  
  171  11:18  Zerg Flyer Weapons Level 2  
  168  11:23  Drone x4  
  172  11:26  Drone x2  
  172  11:30  Infestor  
  176  11:34  Neural Parasite, Burrow  
  176  11:37  Infestor  
  178  11:43  Brood Lord  
  180  11:47  Viper x3  
  180  11:52  Brood Lord  
  191  12:01  Corruptor x3  
  191  12:04  Corruptor  
  179  12:24  Corruptor x3  
  179  12:28  Drone x2  
  187  12:30  Spore Crawler  
  187  12:31  Zerg Flyer Armor Level 1, Spore Crawler  
  187  12:32  Spore Crawler  
  187  12:33  Brood Lord  
  187  12:34  Brood Lord  
  187  12:35  Brood Lord  
  190  12:38  Brood Lord  
  190  12:40  Pneumatized Carapace  
  192  12:49  Infestor  
  192  12:50  Infestor x2  
  197  13:03  Viper  
  183  13:23  Brood Lord x2  
  187  13:30  Corruptor  
  187  13:31  Corruptor x6  
  193  13:42  Drone  
  193  13:43  Drone x6  
  198  13:51  Infestor  
  200  14:11  Zerg Flyer Weapons Level 3  
  200  14:12  Zerg Melee Weapons Level 3  
  200  14:13  Zerg Ground Armor Level 1  
  200  14:15  Hatchery  
  198  14:44  Overseer  
  198  14:54  Overseer  
  198  14:57  Brood Lord  
  174  15:34  Corruptor x5  
  174  15:35  Corruptor x8  
  177  15:44  Brood Lord  
  177  15:45  Viper x3, Brood Lord x3  
  194  16:04  Extractor  
  194  16:07  Spine Crawler  
  194  16:08  Spine Crawler  
  194  16:09  Spine Crawler  
  194  16:10  Brood Lord, Spine Crawler  
  191  16:15  Brood Lord x4  
  199  16:35  Infestor x2  
  199  16:39  Infestor, Zergling x20  
  195  16:48  Extractor  
  195  16:52  Corruptor x2  
  197  17:04  Infestor  
  197  17:05  Infestor x2  
  155  17:24  Zergling x32  
  155  17:27  Corruptor x2  
  143  17:33  Roach  
  121  17:38  Roach x5  
  121  17:42  Infestor x4  
  121  17:46  Roach  
  121  17:47  Roach x5  
  123  17:56  Roach  
  125  17:59  Infestor x5  
  125  18:02  Ravager  
  125  18:03  Ravager x5  
  125  18:04  Baneling x11  
  139  18:07  Roach x5  
  139  18:08  Ravager x2  
  151  18:14  Zergling x4  
Show
View Real Time Build Order
Export as new Build Order

Cure Terran - Winner!

Build Orders: Hellion Opening, Reaper Expand, Mech 

Get SALT Encoding   

  12  0:00  SCV  
  13  0:12  SCV  
  14  0:16  Supply Depot  
  14  0:24  SCV  
  15  0:38  SCV  
  15  0:40  Barracks  
  16  0:43  Refinery  
  16  0:50  SCV  
  17  1:02  SCV  
  18  1:14  SCV  
  19  1:27  Orbital Command, Reaper  
  20  1:37  Command Center  
  20  1:46  Supply Depot  
  20  1:52  SCV  
  21  1:58  Marine  
  22  2:04  SCV  
  23  2:10  Refinery, Factory  
  23  2:16  SCV  
  23  2:20  Barracks Reactor  
  24  2:29  SCV  
  25  2:41  SCV  
  26  2:50  Orbital Command  
  26  2:53  SCV  
  26  2:56  Starport  
  27  3:01  Hellion  
  27  3:02  Hellion  
  27  3:05  Marine, SCV  
  33  3:17  SCV  
  33  3:18  SCV  
  35  3:23  Hellion x2  
  39  3:29  SCV  
  39  3:30  Supply Depot, SCV  
  39  3:32  Fusion Core  
  41  3:41  SCV  
  41  3:42  SCV  
  41  3:43  Starport Tech Lab  
  45  3:48  Hellion  
  45  3:52  Hellion  
  45  3:53  Supply Depot  
  45  3:55  SCV x2  
  49  3:59  Supply Depot  
  49  4:07  SCV x2  
  51  4:17  Supply Depot  
  51  4:19  SCV x2  
  51  4:21  Battlecruiser  
  59  4:26  Hellion x2  
  59  4:31  SCV x2  
  56  4:44  Command Center  
  56  4:45  SCV x2  
  58  4:47  Hellion  
  58  4:48  Hellion  
  62  4:54  Refinery  
  62  4:55  Refinery  
  62  4:57  Supply Depot  
  62  4:58  SCV  
  62  4:59  SCV  
  64  5:01  Supply Depot  
  64  5:05  Advanced Ballistics  
  64  5:11  SCV x2  
  64  5:12  Hellion  
  68  5:21  Hellion  
  70  5:23  SCV x2  
  70  5:25  Supply Depot  
  72  5:31  Battlecruiser  
  78  5:35  SCV  
  78  5:36  SCV  
  78  5:42  Hellion x2  
  84  5:48  Factory, SCV x2  
  86  5:55  Factory  
  86  5:56  Orbital Command  
  86  6:00  SCV x2  
  86  6:04  Hellion x2  
  92  6:12  SCV x2  
  86  6:22  Orbital Command  
  86  6:24  SCV  
  86  6:25  Hellion x2, SCV  
  88  6:33  Factory Tech Lab  
  88  6:35  Battlecruiser  
  88  6:37  SCV x2  
  96  6:40  Factory Tech Lab  
  96  6:41  Refinery  
  96  6:42  Refinery  
  96  6:45  Armory  
  96  6:46  Armory  
  96  6:48  SCV  
  96  6:49  SCV x2  
  96  6:51  Siege Tank  
  102  6:55  Supply Depot  
  102  7:00  SCV  
  102  7:01  SCV x2  
  105  7:03  Siege Tank  
  105  7:05  Command Center  
  108  7:12  SCV  
  108  7:13  SCV x2  
  108  7:14  Weapon Refit, Supply Depot  
  111  7:21  Hellion x2  
  115  7:24  SCV  
  115  7:25  SCV x2  
  118  7:33  Factory  
  118  7:34  Factory  
  118  7:35  Engineering Bay  
  118  7:36  SCV  
  119  7:37  Supply Depot, SCV x2  
  119  7:38  Siege Tank  
  119  7:42  Siege Tank  
  127  7:48  SCV  
  127  7:49  SCV x2  
  127  7:51  Hellion  
  132  7:55  Supply Depot  
  132  7:56  Supply Depot, Terran Vehicle Weapons Level 1  
  132  7:57  Terran Vehicle And Ship Armor Level 1  
  132  7:59  Hellion  
  132  8:06  Missile Turret  
  132  8:10  Missile Turret  
  132  8:11  SCV x3  
  135  8:14  Refinery  
  135  8:16  Refinery  
  135  8:21  Siege Tank  
  135  8:22  Factory Tech Lab, Factory Reactor  
  135  8:23  Siege Tank  
  135  8:24  Planetary Fortress  
  135  8:25  Hellion x2, SCV x3  
  144  8:37  Hellion x2  
  148  8:45  Factory  
  148  8:47  Factory  
  148  8:48  SCV x3  
  151  8:49  Factory  
  151  8:55  Supply Depot  
  151  8:56  Supply Depot, Command Center  
  149  9:03  Siege Tank x3  
  149  9:04  Hellion x2  
  162  9:16  Hellion x2  
  164  9:23  Command Center  
  162  9:25  Hellion x2  
  162  9:30  Starport Reactor  
  162  9:31  Supply Depot  
  166  9:35  Starport, Thor  
  172  9:39  Thor  
  172  9:45  Thor  
  172  9:47  Factory Tech Lab  
  172  9:48  Factory Reactor, Thor  
  178  9:53  Hellion x2  
  174  10:07  Thor  
  174  10:12  Infernal Pre-Igniter  
  178  10:18  Thor  
  178  10:22  Hellion x9  
  178  10:23  Thor  
  178  10:27  Hellion x2  
  178  10:28  Hellion x2  
  188  10:29  Thor  
  188  10:30  Hellion x2  
  188  10:34  Viking  
  199  10:35  Starport Reactor  
  199  10:37  Orbital Command  
  199  10:44  Smart Servos  
  199  10:49  Refinery  
  198  10:53  Refinery, Missile Turret  
  198  10:55  Planetary Fortress  
  198  10:58  Missile Turret  
  198  11:02  Missile Turret  
  198  11:11  Thor  
  196  11:15  Orbital Command, Thor  
  200  11:19  Missile Turret  
  200  11:23  Command Center  
  200  11:26  Command Center  
  200  11:32  Terran Vehicle And Ship Armor Level 2, Terran Vehicle Weapons Level 2  
  200  11:38  Command Center  
  200  11:44  Command Center  
  196  12:02  Viking x2  
  196  12:05  Viking  
  170  12:19  Hellion, Siege Tank x3  
  170  12:20  Hellion x4  
  170  12:21  Viking  
  185  12:32  Viking  
  185  12:33  Viking  
  185  12:35  Viking, Thor  
  185  12:36  Hellion  
  199  12:52  Orbital Command  
  199  12:54  Command Center  
  199  12:56  Orbital Command  
  199  13:01  Command Center  
  199  13:02  Planetary Fortress  
  199  13:04  Command Center  
  199  13:06  Starport  
  199  13:08  Starport  
  193  13:15  Viking x3  
  175  13:24  Thor x3  
  193  13:27  Hellion x2  
  193  13:30  Refinery  
  193  13:32  Refinery, Viking  
  190  13:39  Thor  
  194  13:43  Planetary Fortress  
  194  13:47  Starport Reactor x2  
  194  13:48  Terran Ship Weapons Level 1  
  194  13:54  Viking  
  196  13:56  Missile Turret x2  
  196  14:01  Viking  
  198  14:07  Orbital Command  
  198  14:14  Orbital Command  
  198  14:15  Orbital Command  
  198  14:17  Sensor Tower  
  198  14:19  Viking  
  198  14:22  Terran Vehicle Weapons Level 3  
  200  14:24  Missile Turret  
  200  14:25  Missile Turret  
  190  15:15  Viking x3  
  190  15:16  Viking x2  
  190  15:18  Viking  
  131  15:28  Viking x2  
  175  15:33  Thor x2  
  175  15:34  Thor x3  
  175  15:35  Hellion x2  
  171  15:42  Terran Vehicle And Ship Armor Level 3  
  148  15:43  Hellion  
  148  15:45  Viking  
  148  15:48  Viking  
  148  15:49  Viking  
  148  15:54  Viking  
  148  15:55  Hellion  
  152  15:57  Hellion  
  152  16:01  Orbital Command  
  152  16:02  Orbital Command  
  154  16:08  Viking x4  
  163  16:11  Hellion  
  163  16:12  Hellion  
  163  16:16  Thor  
  163  16:17  Hellion x2, Viking, Siege Tank x2  
  183  16:18  Viking  
  185  16:30  Thor x2  
  185  16:31  Hellion  
  197  16:42  Orbital Command  
  197  16:46  Viking x3, Orbital Command  
  200  16:49  Viking  
  199  16:59  Thor x2  
  184  17:09  Siege Tank  
  184  17:11  Viking x2  
  184  17:13  Siege Tank x2  
  171  17:16  Hellion  
  171  17:17  Hellion x3  
  171  17:19  Viking x4  
  179  17:22  Hellion  
  179  17:23  Hellion, Viking  
  152  17:38  Hellion x3  
  152  17:41  Siege Tank  
  151  17:45  Viking x3  
  151  17:46  Siege Tank x2  
  151  17:49  Siege Tank  
  164  17:54  SCV x2  
  164  17:55  SCV x2  
  164  17:56  Orbital Command  
  164  17:57  SCV x3  
  171  18:00  SCV  
  171  18:03  Siege Tank  
  171  18:05  Hellion x3  
Tags
 
Add a new tag
Caveats
  • Supply blocks, unpowered buildings, or Contaminate may cause inaccurate times.
  • Supply counts are checked every 10 seconds.